AoeStats
← FadedButtons

MegaRandom

506145633Analyzed
4v4 RM · 19d ago on Sep 12, 2026· 69m 59s· 8 players
Game mode
Random Map
Map size
Large (8 player)
Population
200
Speed
Normal
Resources
Standard
Victory
Conquest
Starting age
Dark Age
Ending age
Imperial Age
RankedLock teamsTeams togetherTeam positionsShared explorationLock speedFull tech treeHidden civsTurbo modeCheats
Victory
Defeat
🇨🇦 Ethiopians · Canada
527
+17
🇺🇸 Khmer · United States
499
+18
🇨🇦 Franks · Canada
480
+19
🇺🇸 Spanish · United States
470
+20
🇧🇷 Chinese · Brazil
620
-20
🇩🇪 Mongols · Germany
601
-21
🇵🇱 Poles · Poland
557
-19
🇹🇷 Celts · Türkiye
431
-14
FadedButtons
12:07 Feudal Age
13:47 Double-Bit Axe
19:16 Wheelbarrow
18:47 Loom
19:25 Loom
21:43 Castle Age
20:09 Horse Collar
20:45 Gold Mining
23:04 Heavy Plow
23:26 Bow Saw
24:25 Stone Mining
25:31 Caravan
31:40 Padded Archer Armor
35:56 Imperial Age
33:43 Hand Cart
33:44 Husbandry
34:03 Bloodlines
35:18 Leather Archer Armor
36:50 Ballistics
38:44 Conscription
43:40 Guilds
43:12 Elite Conquistador
44:07 Thumb Ring
44:51 Ring Archer Armor
44:41 Forging
44:38 Scale Barding Armor
45:44 Chemistry
44:57 Masonry
48:14 Architecture
47:33 Arrowslits
51:12 Two-Man Saw
50:30 Fortified Wall
50:19 Murder Holes
50:19 Fletching
51:05 Iron Casting
50:31 Scale Mail Armor
50:53 Chain Barding Armor
53:03 Cavalier
xMaverick_xx
6:17 Loom
15:12 Feudal Age
16:21 Double-Bit Axe
17:15 Wheelbarrow
16:40 Gold Mining
16:42 Stone Mining
19:53 Scale Barding Armor
19:59 Forging
26:14 Fletching
29:25 Castle Age
32:47 Bow Saw
32:58 Hand Cart
33:13 Chain Barding Armor
33:29 Iron Casting
32:50 Bodkin Arrow
33:35 Gold Shaft Mining
33:56 Caravan
35:04 Husbandry
39:25 Imperial Age
37:47 Fortified Wall
39:54 Masonry
39:43 Murder Holes
40:33 Conscription
40:51 Hoardings
40:01 Cavalier
41:10 Chivalry
43:01 Plate Barding Armor
43:28 Blast Furnace
42:24 Guard Tower
46:07 Paladin
48:49 Architecture
48:06 Arrowslits
49:23 Chemistry
Intrinsicmotivation
12:53 Feudal Age
13:39 Double-Bit Axe
13:41 Man-at-Arms
14:07 Arson
17:06 Wheelbarrow
17:45 Loom
18:31 Horse Collar
19:32 Scale Mail Armor
23:59 Castle Age
22:47 Stone Mining
26:06 Stone Shaft Mining
26:25 Hand Cart
26:47 Bow Saw
26:44 Heavy Plow
38:47 Imperial Age
41:04 Capped Ram
41:07 Onager
41:09 Heavy Scorpion
43:31 Long Swordsman
44:12 Squires
44:40 Padded Archer Armor
51:41 Elite Shotel Warrior
52:55 Husbandry
52:16 Light Cavalry
55:42 Murder Holes
56:10 Ballistics
61:19 Siege Onager
63:35 Royal Heirs
63:56 Scale Barding Armor
64:02 Forging
63:43 Fletching
64:07 Fortified Wall
66:17 Siege Ram
70:36 Chain Barding Armor
70:32 Chain Mail Armor
70:53 Iron Casting
70:13 Bodkin Arrow
70:34 Leather Archer Armor
69:43 Cavalier
71:34 Two-Man Saw
Kurplatz
3:32 Loom
11:05 Feudal Age
12:37 Horse Collar
13:36 Wheelbarrow
13:09 Double-Bit Axe
14:10 Town Watch
17:47 Arson
22:32 Castle Age
22:07 Man-at-Arms
23:36 Bow Saw
23:34 Heavy Plow
26:59 Hand Cart
27:00 Caravan
27:53 Stone Mining
27:54 Gold Mining
29:38 Town Patrol
30:40 Gold Shaft Mining
32:35 Stone Shaft Mining
31:40 Pikeman
32:34 Bloodlines
31:45 Light Cavalry
32:28 Husbandry
31:51 Elite Skirmisher
36:33 Imperial Age
34:03 Crossbowman
34:07 Long Swordsman
39:48 Guard Tower
40:46 Scale Barding Armor
40:42 Padded Archer Armor
41:06 Ballistics
44:45 Hoardings
44:11 Tusk Swords
45:51 Chemistry
44:54 Scale Mail Armor
45:05 Forging
44:48 Sappers
45:48 Fortified Wall
45:33 Fletching
47:05 Iron Casting
46:53 Chain Mail Armor
49:32 Conscription
49:16 Heated Shot
50:03 Keep
49:39 Masonry
49:26 Murder Holes
54:19 Chain Barding Armor
54:15 Leather Archer Armor
57:53 Double Crossbow
58:17 Elite Ballista Elephant
58:25 Arbalester
59:48 Architecture
59:17 Bodkin Arrow
60:01 Ring Archer Armor
65:37 Blast Furnace
70:07 Bracer
70:15 Siege Engineers
69:45 Heavy Scorpion
majkelmg
2:51 Loom
16:17 Feudal Age
18:41 Wheelbarrow
17:52 Town Watch
19:11 Horse Collar
18:58 Man-at-Arms
30:47 Castle Age
30:30 Arson
30:58 Forging
30:50 Scale Mail Armor
30:52 Padded Archer Armor
31:47 Scale Barding Armor
31:39 Fletching
34:00 Bloodlines
36:03 Caravan
42:20 Husbandry
41:41 Light Cavalry
42:45 Chain Barding Armor
42:41 Chain Mail Armor
43:02 Iron Casting
42:23 Bodkin Arrow
42:43 Leather Archer Armor
41:53 Elite Skirmisher
41:54 Crossbowman
42:40 Thumb Ring
44:04 Hand Cart
45:21 Town Patrol
45:44 Herbal Medicine
45:50 Devotion
46:11 Sanctity
47:35 Redemption
47:32 Heavy Plow
50:21 Imperial Age
50:11 Fervor
49:51 Double-Bit Axe
50:42 Coinage
50:20 Squires
49:41 Pikeman
49:41 Long Swordsman
50:23 Stone Mining
50:23 Gold Mining
52:32 Stone Shaft Mining
51:23 Cavalier
51:23 Winged Hussar
51:27 Arbalester
52:19 Bracer
53:16 Theocracy
53:15 Crop Rotation
53:01 Bow Saw
53:40 Conscription
53:17 Two-Handed Swordsman
54:33 Plate Mail Armor
60:14 Arrowslits
60:20 Guard Tower
61:31 Chemistry
60:52 Ballistics
60:43 Fortified Wall
60:29 Murder Holes
60:16 Treadmill Crane
60:57 Careening
70:51 Blast Furnace
Onurkdv
14:00 Feudal Age
16:49 Wheelbarrow
16:35 Horse Collar
18:15 Double-Bit Axe
19:51 Gold Mining
22:55 Stone Mining
29:39 Castle Age
29:47 Padded Archer Armor
31:37 Caravan
32:32 Gold Shaft Mining
33:26 Stone Shaft Mining
35:58 Imperial Age
34:08 Scale Mail Armor
36:47 Hand Cart
36:33 Town Watch
37:03 Bow Saw
38:26 Loom
39:52 Husbandry
39:15 Elite Woad Raider
44:43 Heavy Cavalry Archer
45:20 Stronghold
46:13 Heavy Plow
48:20 Ballistics
48:35 Coinage
47:46 Elite Skirmisher
47:54 Pikeman
48:47 Crossbowman
50:24 Halberdier
51:15 Arson
50:57 Onager
52:48 Banking
53:59 Guilds
56:05 Chemistry
55:04 Cavalier
57:22 Paladin
adrian.schrenk
0:28 Loom
12:30 Feudal Age
13:47 Wheelbarrow
12:55 Horse Collar
13:02 Double-Bit Axe
17:26 Gold Mining
20:44 Stone Mining
22:59 Castle Age
22:01 Fletching
22:12 Padded Archer Armor
24:13 Husbandry
24:24 Bloodlines
24:21 Heavy Plow
24:34 Bow Saw
24:43 Hand Cart
25:12 Stone Shaft Mining
25:14 Gold Shaft Mining
25:46 Caravan
25:49 Squires
26:01 Light Cavalry
26:56 Crossbowman
29:35 Pikeman
30:28 Bodkin Arrow
32:57 Arson
34:49 Nomads
34:51 Town Watch
35:40 Leather Archer Armor
35:32 Scale Barding Armor
36:05 Ballistics
35:56 Masonry
40:13 Imperial Age
37:47 Town Patrol
44:13 Thumb Ring
51:12 Conscription
Sãnic
1:49 Loom
13:35 Feudal Age
14:18 Horse Collar
21:38 Castle Age
23:24 Wheelbarrow
22:44 Gold Mining
22:50 Double-Bit Axe
23:14 Heavy Plow
23:30 Stone Mining
24:47 Bow Saw
26:19 Fletching
26:30 Padded Archer Armor
26:43 Caravan
29:34 Hand Cart
30:26 Great Wall
32:09 Gold Shaft Mining
34:44 Imperial Age
32:18 Murder Holes
32:34 Masonry
32:18 Town Watch
32:40 Bodkin Arrow
34:18 Thumb Ring
34:32 Leather Archer Armor
34:30 Forging
34:24 Scale Mail Armor
34:47 Ballistics
36:05 Architecture
37:01 Two-Man Saw
36:35 Conscription
38:11 Bracer
37:35 Elite Chu Ko Nu
38:49 Ring Archer Armor
38:55 Iron Casting
39:40 Chain Mail Armor
43:15 Pikeman
43:42 Arson
43:58 Squires
47:10 Halberdier
Connection lost

Rejoining the realm…

Still unreachable

The connection could not be restored.

Session expired

The server has moved on; the page needs a fresh start.